[Event "*** Titled Tuesday 3|2 Blitz"]
[Site "Chess.com"]
[Date "2015.12.01"]
[Round "9"]
[White "AndreyOstrovskiy"]
[Black "oskariot"]
[Result "1-0"]
[WhiteElo "2428"]
[BlackElo "2252"]
[TimeControl "180+2"]
[EndTime "13:00:41 PST"]
[Termination "AndreyOstrovskiy won by resignation"]

1. e4 c5 2. Nf3 d6 3. d4 cxd4 4. Nxd4 Nf6 5. Nc3 Nc6 6. Bc4 e6 7. O-O Be7 8. Be3 O-O 9. Kh1 d5 10. exd5 exd5 11. Bb3 Na5 12. f3 Re8 13. Bg1 Nxb3 14.
axb3 Bd6 15. Qd3 a6 16. Rad1 Qd7 17. Nde2 b5 18. Nxd5 Nxd5 19. Qxd5 Bb7 20. Qxd6 Qxd6 21. Rxd6 Rxe2 22. Rf2 Re1 23. Rfd2 h5 24. Rd7 Bc6 25. Rc7 Be8 26. h4 a5 27. Kh2 a4 28. b4 Ra6 29.
Rc8 Rae6 30. Rd5 R1e2 31. Rxh5 f6 32. Rd5 Kh7 33. Bd4 Bc6 34. Rdd8 Bxf3 35. Kg3 Bc6 36.
h5 Rxg2+ 37. Kh3 Kh6 38. Rh8+ Kg5 39. Rxc6 Rxc6 40. Kxg2 Rxc2+ 41. Kf3 Rc4 42. Bc3 a3 43.
Bd2+ Kf5 44. bxa3 Rd4 45. Ke2 Rh4 46. Be3 Rh2+ 47. Kd3 g5 48. Rb8 Rxh5 49. Rxb5+ Kg4 50. a4 f5 51. a5 f4 52. Bb6 Rh3+ 53. Ke4 Ra3 54.
Bd8 f3 55. Rxg5+ Kh3 56. Rf5 Kg2 57. Bb6 Ra4 58. Bc5 Ra3 59. b5 Rxa5 60. Rg5+ Kh3 61. Kxf3 Kh4 62. Be3 Ra3 63. b6 Rb3 64. Rg6 1-0

[Event "*** Titled Tuesday 3|2 Blitz"]
[Site "Chess.com"]
[Date "2015.12.01"]
[Round "9"]
[White "Canairez"]
[Black "Rating-Schmating"]
[Result "1-0"]
[WhiteElo "2228"]
[BlackElo "2087"]
[TimeControl "180+2"]
[EndTime "13:00:42 PST"]
[Termination "Canairez won by checkmate"]

1. d4 e6 2. c4 Nf6 3. Nf3 Bb4+ 4. Nbd2 Nc6 5. e3 d6 6. Qc2 e5 7. a3 Bxd2+ 8. Bxd2 O-O 9. Be2 Re8 10. d5 Nb8 11. O-O-O a5 12. h3 a4 13. g4 e4 14.
Nd4 c5 15. Nf5 Bxf5 16. gxf5 Qd7 17. Bc3 Qxf5 18. f4 Kh8 19. Rdg1 Rg8 20. Rg5 Qc8 21. Rhg1 Nbd7 22. h4 Qd8 23. h5 h6 24. Rf5 Qe7 25.
Bd1 b6 26. Qh2 Ra7 27. Bc2 Raa8 28. Rg2 Ra7 29. Qg1 Raa8 30. Rg3 Kh7 31. Qh1 Ra7 32.
Rfg5 Raa8 33. Qg2 Qf8 34. Bxe4+ Kh8 35. Rf5 Qe7 36. Bc2 Rae8 37. e4 Nxe4 38. Bxe4 Qxe4 39.
Qxe4 Rxe4 40. Rxf7 Nf6 41. Rgxg7 Rxc4 42. Rxg8+ Kxg8 43. Rxf6 b5 44. Kb1 b4 45. axb4 cxb4 46. Bd2 Rd4 47. Bc1 Rxd5 48. Rxh6 Kg7 49. Rg6+ Kh7 50. Rg5 Rd4 51. Ra5 a3 52. bxa3 bxa3 53. Rxa3 Kh6 54.
Rh3 Rd5 55. f5+ Kh7 56. Rf3 Rb5+ 57. Kc2 Rc5+ 58. Kd1 Rd5+ 59. Bd2 Rb5 60. f6 Rb8 61. f7 Rf8 62. Bb4 Kg7 63. h6+ Kg6 64. h7 Kxh7 65. Bxd6 Ra8 66. f8=Q Ra1+ 67. Kc2 Ra2+ 68. Kb3 Rg2 69.
Rh3+ Kg6 70. Qg8+ Kf5 71. Qxg2 Ke6 72. Qe4+ Kd7 73. Rh7+ Kc8 74. Qa8# 1-0

[Event "*** Titled Tuesday 3|2 Blitz"]
[Site "Chess.com"]
[Date "2015.12.01"]
[Round "9"]
[White "gumersindo"]
[Black "Makalexa"]
[Result "1-0"]
[WhiteElo "2201"]
[BlackElo "2037"]
[TimeControl "180+2"]
[EndTime "13:00:48 PST"]
[Termination "gumersindo won by resignation"]

1. d4 Nf6 2. c4 c5 3. d5 d6 4. Nc3 g6 5. e4 Bg7 6. h3 e6 7.
Nf3 exd5 8. cxd5 O-O 9. Bd3 b5 10. O-O b4 11. Ne2 Ba6 12. Ng3 c4 13. Be2 Nbd7 14.
a3 b3 15. Nd2 Rc8 16. Nxb3 cxb3 17. Bxa6 Nc5 18. Bxc8 Qxc8 19. Re1 Qa6 20. Bd2 Nd3 21. Qxb3 Nxe1 22. Rxe1 Nd7 23. Bc3 Nc5 24. Qc2 Rb8 25.
Bxg7 Kxg7 26. e5 Qd3 27. Qe2 Qxd5 28. exd6 Qxd6 29. b4 Ne6 30. Rd1 Qf4 31. Ne4 Rc8 32. Qb2+ Kh6 33. f3 Qe3+ 34. Qf2 Qxa3 35. Qh4+ Kg7 36.
Qf6+ Kg8 37. Rd7 Qe3+ 38. Kh2 Qf4+ 39. Qxf4 Nxf4 40. Rxf7 Nxg2 41. Rxa7 Ne3 42. Nf6+ Kf8 43. Nxh7+ Ke8 44. Nf6+ Kf8 45. Kg3 Rc4 46. b5 Nf5+ 47. Kf2 Rc2+ 48. Ke1 Ne3 49. Ne4 Ng2+ 50. Kf1 Ne3+ 51.
Kg1 Rg2+ 52. Kh1 Rb2 53. Nd6 Nf1 54. Rf7+ Kg8 55. Rb7 Ng3+ 56. Kg1 Ne2+ 57. Kf2 Nd4+ 58. Ke3 Ne6 59. b6 Rb3+ 60. Kf2 Nc5 61. Rb8+ Kg7 62. b7 Rb2+ 63. Ke3 Rb6 64. Rc8 Rxd6 65. Rxc5 Rb6 66. Rc7+ Kh6 67. Kd4 Kg5 68. Kc5 Rb1 69.
Rf7 Kh4 70. Kc6 Kxh3 71. Kc7 Rc1+ 72. Kd8 Rb1 73. Kc8 Rc1+ 74. Rc7 Rb1 75. b8=Q Rxb8+ 76. Kxb8 g5 77. Rg7 Kg3 78. Rxg5+ Kxf3 79. Kc7 Kf4 80. Ra5 1-0

[Event "*** Titled Tuesday 3|2 Blitz"]
[Site "Chess.com"]
[Date "2015.12.01"]
[Round "9"]
[White "chessbia"]
[Black "Haridaskesavan"]
[Result "1/2-1/2"]
[WhiteElo "2118"]
[BlackElo "2090"]
[TimeControl "180+2"]
[EndTime "13:00:52 PST"]
[Termination "Game drawn by stalemate"]

1. d4 g6 2. c4 Bg7 3. Nc3 e6 4.
e4 Ne7 5. Be3 d5 6. cxd5 exd5 7.
e5 O-O 8. Bd3 c5 9. Nge2 Nbc6 10. f4 Bg4 11. Qd2 Nf5 12. Bxf5 Bxf5 13. dxc5 Be6 14. O-O f6 15. exf6 Bxf6 16. Rad1 Qa5 17. Nd4 Nxd4 18. Bxd4 Bxd4+ 19. Qxd4 Rad8 20. b4 Qa3 21.
Rde1 Bf7 22. Re3 Rfe8 23. Rxe8+ Rxe8 24. Nxd5 Bxd5 25. Qxd5+ Kg7 26. Qd7+ Kf8 27. f5 Qe3+ 28. Kh1 Qe2 29. Rg1 Qe7 30. Qxe7+ Rxe7 31. fxg6 hxg6 32. a4 Re4 33. Rb1 Rc4 34. h3 Kf7 35. Kh2 Ke6 36. Kg3 Kd5 37. Kf3 Kc6 38. g4 a5 39. bxa5 Rxa4 40. Rb6+ Kxc5 41. Rxg6 Ra3+ 42. Kg2 Kd4 43. Rg5 Ke4 44. Rb5 Kf4 45. Rb4+ Kg5 46. Rxb7 Ra2+ 47.
Kf3 Ra3+ 48. Ke4 Ra4+ 49. Kd3 Rxa5 50. Rh7 Re5 51. Kd4 Re1 52. Rh5+ Kg6 53. h4 Rg1 54.
Rg5+ Kf6 55. Ke4 Rh1 56. Rh5 Kg6 57. Kf4 Rf1+ 58. Kg3 Rg1+ 59. Kf3 Rf1+ 60. Kg2 Rf4 61. Kg3 Ra4 62. Rf5 Ra3+ 63. Rf3 Ra4 64. h5+ Kg7 65. Kh4 Ra5 66. Re3 Ra7 67. Re5 Kf6 68. Rf5+ Kg7 69. Kg5 Rb7 70. h6+ Kh7 71. Kh5 Rb1 72. Rf7+ Kg8 73.
Rg7+ Kh8 74. g5 Rh1+ 75. Kg6 Rxh6+ 76. Kf7 Rf6+ 77. gxf6 1/2-1/2

[Event "*** Titled Tuesday 3|2 Blitz"]
[Site "Chess.com"]
[Date "2015.12.01"]
[Round "9"]
[White "AdrianaNikolova"]
[Black "stefanodinn"]
[Result "0-1"]
[WhiteElo "2196"]
[BlackElo "2143"]
[TimeControl "180+2"]
[EndTime "13:01:05 PST"]
[Termination "stefanodinn won by checkmate"]

1. e4 e5 2. Nf3 Nc6 3. Bb5 a6 4. Ba4 Nf6 5. O-O Be7 6. Re1 b5 7. Bb3 O-O 8. h3 Bb7 9. a4 d5 10. exd5 Nxd5 11. axb5 axb5 12. Rxa8 Bxa8 13. Nxe5 Nxe5 14.
Rxe5 Nf4 15. d4 Nxg2 16. Nc3 b4 17. Ne4 Nh4 18. d5 Bf6 19. Rh5 g6 20. Nxf6+ Qxf6 21. Rh6 Re8 22. Be3 Nf5 23. Qf3 Rxe3 24. fxe3 Qg5+ 25.
Kf2 Qxh6 26. e4 Qd2+ 27. Kg1 Qe3+ 28. Qxe3 Nxe3 29. Kf2 Nd1+ 30. Ke2 Nxb2 31. Kd2 c5 32. c4 bxc3+ 33. Kxc3 c4 34. Bc2 Nd3 35. Kxc4 Ne5+ 36.
Kc5 f6 37. Kb6 Kf7 38. Ka7 Bxd5 39. exd5 Ke7 40. Kb6 Kd6 41. Bb3 f5 42. Kb5 f4 43.
Kb4 f3 44. Bd1 Kxd5 45. Kc3 Ke4 46. Kd2 Kf4 47. Ke1 Kg3 48. h4 Kxh4 49. Kf2 Kg4 50. Bc2 Kf4 51. Ba4 g5 52. Bb5 h5 53. Ba6 g4 54. Bb7 h4 55. Kf1 g3 56. Kg1 h3 57.
Kh1 Ke3 58. Bc8 g2+ 59. Kh2 f2 60. Ba6 g1=Q+ 61. Kxh3 f1=Q+ 62. Bxf1 Qxf1+ 63. Kh4 Qg1 64. Kh5 Qg4+ 65. Kh6 Qg6# 0-1

[Event "*** Titled Tuesday 3|2 Blitz"]
[Site "Chess.com"]
[Date "2015.12.01"]
[Round "9"]
[White "swayamsm"]
[Black "ChadaevNikolay"]
[Result "1-0"]
[WhiteElo "2487"]
[BlackElo "2552"]
[TimeControl "180+2"]
[EndTime "13:01:13 PST"]
[Termination "swayamsm won by resignation"]

1. d4 Nf6 2. c4 g6 3. Nc3 Bg7 4. e4 O-O 5. Nf3 d6 6. Be2 Bg4 7. O-O Nfd7 8. Be3 c5 9. d5 Na6 10. h3 Bxf3 11. Bxf3 Nc7 12. Be2 a6 13. a4 Re8 14. Qd2 e6 15. Rfe1 Rb8 16. dxe6 Nxe6 17. Qxd6 Nd4 18. Bxd4 Bxd4 19. Qf4 Qf6 20. Qxf6 Nxf6 21.
Bf3 Nd7 22. Nd5 Bxb2 23. Rab1 Bd4 24. Rb3 Kg7 25. Reb1 Ne5 26. Be2 Nc6 27. Bd3 Na5 28. Rb6 Rbd8 29. Kf1 Rd7 30. f4 h5 31. e5 Rdd8 32. g3 Re6 33. Kg2 Rxb6 34. Rxb6 Rd7 35. Be2 Rd8 36. Nf6 Rc8 37. Nd5 Rd8 38. Kf3 Kf8 39.
Ke4 Kg7 40. g4 hxg4 41. hxg4 Re8 42. g5 Rc8 43. Rd6 Rh8 44. Nf6 Rh2 45. Rd8 Rh8 46. Rd7 Rh2 47. Bd3 Rh3 48. Rd8 Rh8 49. Ne8+ Kf8 50. Nd6+ Kg7 51. Rxh8 Kxh8 52. Nxf7+ Kg7 53. Nd6 Kf8 54. Kd5 Kg7 55. e6 Nc6 56. Nxb7 Ne7+ 57. Kd6 Kf8 58. Nxc5 Be3 59. Nd7+ Ke8 60. Nf6+ Kd8 61.
Nd5 Nxd5 62. cxd5 Bxf4+ 63. Kc6 Ke7 64. Bxa6 Bxg5 65. Bd3 Bd2 66. Bxg6 Bb4 67. Bf5 Bd6 68. Bh3 Bb4 69. Bg4 Bd6 70. a5 1-0

[Event "*** Titled Tuesday 3|2 Blitz"]
[Site "Chess.com"]
[Date "2015.12.01"]
[Round "9"]
[White "PowerThinking2650"]
[Black "AndrewMcStone"]
[Result "0-1"]
[WhiteElo "2090"]
[BlackElo "1999"]
[TimeControl "180+2"]
[EndTime "13:01:32 PST"]
[Termination "AndrewMcStone won by checkmate"]

1. e4 Nc6 2. d4 d5 3. exd5 Qxd5 4. Be3 e5 5. c4 Bb4+ 6. Nc3 Qa5 7. d5 Nce7 8. Bd2 Ng6 9. a3 Bxc3 10. Bxc3 Qb6 11. h4 h5 12. Bd3 Bg4 13. f3 Qe3+ 14. Qe2 Qxe2+ 15. Nxe2 Bd7 16. Bxg6 fxg6 17. Bxe5 O-O-O 18. O-O-O Re8 19. f4 Nf6 20. Nd4 Re7 21. Bxf6 gxf6 22.
Rde1 Rhe8 23. Kd2 Re4 24. Rxe4 Rxe4 25. Kd3 Rxf4 26. g3 Rf2 27. Re1 Rxb2 28. c5 Ra2 29. c6 Rxa3+ 30. Kc4 bxc6 31. dxc6 Rxg3 32. Re7 Bxc6 33.
Nxc6 Rg4+ 34. Kd5 Kb7 35. Re8 Kb6 36. Rb8+ Ka6 37. Ra8 Kb5 38. Rxa7 Rxh4 39. Ra5+ Kb6 40. Ra8 Rh1 41. Rb8+ Ka6 42. Nd4 Rd1 43. Kc4 h4 44. Rh8 g5 45. Rh6 Rf1 46. Kc5 Rf5+ 47. Kc6 Rf4 48. Ne6 Rc4+ 49. Nc5+ Ka5 50. Rh8 Kb4 51. Rb8+ Kc3 52. Kd5 Rd4+ 53. Ke6 Rc4 54. Rb3+ Kc2 55. Rb5 h3 56. Kd5 Rh4 57. Ne4 h2 58. Nf2 g4 59.
Rc5+ Kd2 60. Ra5 Rh5+ 61. Ke4 Rxa5 62. Kf4 f5 63. Kg3 Ke1 64. Nh3 gxh3 65. Kxh2 Kf2 66.
Kh1 Kg3 67. Kg1 Ra1# 0-1

[Event "*** Titled Tuesday 3|2 Blitz"]
[Site "Chess.com"]
[Date "2015.12.01"]
[Round "9"]
[White "chessmaxusa"]
[Black "KnightSeeSix"]
[Result "0-1"]
[WhiteElo "2308"]
[BlackElo "2176"]
[TimeControl "180+2"]
[EndTime "13:02:02 PST"]
[Termination "KnightSeeSix won by resignation"]

1. d4 Nf6 2. Nf3 e6 3. Bf4 d5 4. e3 Nbd7 5. Bd3 c5 6. c3 h6 7. Nbd2 Be7 8. h3 b6 9. O-O Bb7 10.
Re1 Ne4 11. a4 O-O 12. Qe2 c4 13. Bc2 f5 14. Ne5 Nxe5 15. Bxe5 Bd6 16. Bxd6 Qxd6 17.
Nf3 a5 18. Ne5 Rf6 19. h4 Qc7 20. f3 Nd6 21. Qf2 Nf7 22. Qg3 Nxe5 23. dxe5 Rf7 24. Red1 Raf8 25. Rd4 Qc5 26. Qg6 Re7 27. g4 Bc8 28. g5 Bd7 29. gxh6 Be8 30. Qg5 Kh7 31.
e4 gxh6 32. Qf4 Rg7+ 33. Kf2 fxe4 34. Bxe4+ dxe4 35. Qxe4+ Bg6 36. Qe3 Bh5 37. f4 Rfg8 38. Rh1 Rg2+ 39. Kf1 R2g7 40. Rh2 Qc6 41. Qe4+ Qxe4 42.
Rxe4 Bg6 43. Rd4 Bd3+ 44. Kf2 Rf7 45. Ke3 Rg3+ 46. Kf2 Rg4 47. Ke3 Rg1 48. h5 Re1+ 49. Kf3 Rf1+ 50. Ke3 Re1+ 51. Kf3 Ra1 52. Rh4 Rxa4 53.
Rd6 Bf5 54. Rxb6 Ra2 55. Rh1 Rd7 56. Ke3 a4 57. Rd6 Rb7 58. Kd4 Raxb2 59. Ra1 Rc7 60. Rxa4 Rd2+ 61. Ke3 Rd3+ 62. Rxd3 cxd3 63. Kd2 Kg7 64. c4 Kf7 65. Kc3 Rd7 66. Ra2 Bg4 67. Rd2 Be2 68. c5 Ke7 69. Kc4 Bxh5 70. Kb5 Bf3 71. c6 Rc7 72. Rxd3 Be2 73. Kb6 Rxc6+ 74. Kxc6 Bxd3 75. Kc5 h5 76. Kd4 Bf5 77. Ke3 h4 78. Kf3 h3 79. Kg3 Kd7 80. Kh2 Kc6 81. Kg3 Kc5 82.
Kh2 Kc4 83. Kg3 Kd3 84. Kh2 Ke4 85. Kg3 Ke3 86. Kh2 Kxf4 87. Kg1 Kg3 88. Kf1 h2 89. Ke2 h1=Q 0-1

[Event "*** Titled Tuesday 3|2 Blitz"]
[Site "Chess.com"]
[Date "2015.12.01"]
[Round "9"]
[White "silverback96"]
[Black "Herman-NY"]
[Result "1-0"]
[WhiteElo "1936"]
[BlackElo "2141"]
[TimeControl "180+2"]
[EndTime "13:02:08 PST"]
[Termination "silverback96 won by checkmate"]

1. d4 f5 2. c4 Nf6 3. Nf3 g6 4.
b3 Bg7 5. Bb2 O-O 6. g3 d6 7.
Bg2 c6 8. O-O Na6 9. Qc2 Ne4 10.
Nbd2 Nb4 11. Qb1 Nxd2 12. Nxd2 e5 13. a3 Na6 14. dxe5 dxe5 15. Nf3 e4 16. Rd1 Qe7 17. Bxg7 Qxg7 18. Ne1 Nc5 19. b4 Ne6 20. Nc2 Bd7 21.
Qb3 c5 22. Rd6 Rad8 23. Rad1 Qe7 24. R1d5 Bc6 25. Rxd8 Rxd8 26. Rxd8+ Qxd8 27. Ne3 b6 28. g4 Nd4 29. Qd1 f4 30. Nd5 Bxd5 31. cxd5 Qxd5 32. e3 f3 33. exd4 cxd4 34. Bf1 d3 35. Qd2 g5 36.
h3 h6 37. Kh1 Kf7 38. Kg1 Ke6 39. Kh1 Kd6 40. Kg1 Kc6 41. a4 Qd4 42. Qc1+ Kd5 43.
b5 Qc4 44. Qa3 Kd4 45. h4 Qc5 46. Qb3 Qc4 47. Qa3 Qc5 48. Qb3 Qc1 49. Qb4+ Kd5 50.
Qb3+ Kc5 51. Qg8 Qf4 52. Qc8+ Kb4 53. hxg5 hxg5 54. Qd7 Qe5 55. Qc8 Qd5 56. Qc1 Kxa4 57. Qa1+ Kxb5 58. Qb2+ Kc6 59. Qc1+ Kb7 60. Qc3 a5 61.
Qd2 Ka6 62. Qb2 a4 63. Qa3 b5 64. Qb4 Kb6 65. Qc3 Qc4 66. Qf6+ Ka5 67. Qxg5 a3 68. Qd2+ b4 69. g5 a2 70. g6 a1=Q 71.
Qg5+ Ka4 72. g7 d2 73. g8=Q Qaxf1+ 74. Kh2 Qxf2+ 75. Kh3 Qe6+ 76. Qxe6 d1=Q 77. Qa6+ Kb3 78. Qg8+ Kb2 79. Qaa2+ Kc3 80. Qgc4# 1-0

[Event "*** Titled Tuesday 3|2 Blitz"]
[Site "Chess.com"]
[Date "2015.12.01"]
[Round "9"]
[White "NguyenDucHoa"]
[Black "chessdude"]
[Result "1/2-1/2"]
[WhiteElo "2354"]
[BlackElo "2282"]
[TimeControl "180+2"]
[EndTime "13:02:22 PST"]
[Termination "Game drawn - insufficient material"]

1. e4 e5 2. Nf3 Nc6 3. d4 exd4 4. Nxd4 Nf6 5. Nxc6 bxc6 6. Qe2 a5 7. c4 Bb4+ 8.
Bd2 O-O 9. Nc3 Re8 10. f3 d5 11. O-O-O Ba6 12. Qf2 Rb8 13. Na4 Qe7 14. cxd5 Bxf1 15. Rhxf1 cxd5 16. Bxb4 Rxb4 17. Nc3 dxe4 18. Rfe1 e3 19. Qc2 Rb6 20. Rd3 Re6 21. Qa4 Qb4 22. Re2 c6 23. Rd4 Qxa4 24. Rxa4 Nd5 25. g3 Nxc3 26.
bxc3 Re5 27. Rc4 R8e6 28. Kd1 Rd5+ 29. Ke1 f5 30. f4 Rb5 31. Kf1 Rb1+ 32. Kg2 Rd1 33.
Rc5 Rd3 34. Kf3 g6 35. a4 Kg7 36. c4 Ra3 37. Rxa5 Kf6 38. h4 h6 39. Ra8 g5 40.
fxg5+ hxg5 41. hxg5+ Kxg5 42. a5 c5 43. Rg8+ Kf6 44.
Rf8+ Kg6 45. Ra8 Kg5 46. Ra7 Kg6 47. Ra8 Kg5 48. Rg8+ Kf6 49. Rc8 Rxa5 50. Rxe3 Rxe3+ 51. Kxe3 Kg5 52. Rg8+ Kf6 53. Rc8 Kg5 54. Kf3 Ra3+ 55. Kg2 Ra5 56. Kh3 Kf6 57. Kh4 Ke5 58. Rd8 Ke4 59. Kg5 Ra4 60. Re8+ Kd3 61. Kxf5 Rxc4 62. g4 Rc1 63. g5 Rf1+ 64. Kg4 Rg1+ 65. Kf5 c4 66.
Rd8+ Ke2 67. Rc8 Kd3 68. g6 c3 69. Rd8+ Ke2 70. Re8+ Kd2 71. Rd8+ Ke2 72. Rc8 Kd2 73.
Kf6 Rxg6+ 74. Kxg6 c2 75. Rxc2+ Kxc2 1/2-1/2

[Event "*** Titled Tuesday 3|2 Blitz"]
[Site "Chess.com"]
[Date "2015.12.01"]
[Round "9"]
[White "Gabrielian_Artur"]
[Black "SlovenskiZmaj"]
[Result "1/2-1/2"]
[WhiteElo "2490"]
[BlackElo "2318"]
[TimeControl "180+2"]
[EndTime "13:04:23 PST"]
[Termination "Game drawn - insufficient material"]

1. Nf3 f5 2. d4 d6 3. Nc3 Nf6 4.
Bg5 Nbd7 5. e3 g6 6. h4 h6 7. Bf4 Bg7 8. Bc4 c6 9. Bb3 a5 10. a4 Nb6 11. Qe2 Ne4 12. Nxe4 fxe4 13. Nd2 d5 14. c4 Bf5 15. g4 Be6 16. c5 Nd7 17. Nxe4 Bf7 18. Nd2 e5 19. Bg3 O-O 20.
dxe5 Nxc5 21. Bc2 d4 22. exd4 Qxd4 23. O-O Rae8 24. Rfe1 Nd7 25. Rad1 Nxe5 26. Ne4 Qxb2 27. Nd6 Nf3+ 28. Qxf3 Rxe1+ 29. Rxe1 Qxc2 30. Nxf7 Rxf7 31. Re8+ Bf8 32. Qe3 Qd1+ 33. Kh2 Qxg4 34. Qxh6 Qf5 35.
Qe3 b5 36. Re5 Qf3 37. Qg5 Kh7 38. axb5 Bh6 39. Qd8 Bf4 40. Qd4 Bxg3+ 41. fxg3 Qf1 42. bxc6 Rf2+ 43. Qxf2 Qxf2+ 44. Kh3 Qf1+ 45. Kh2 Qc1 46. Re7+ Kh6 47. Ra7 Qc5 48. c7 a4 49. Kh3 a3 50.
Rxa3 Qxc7 51. Rf3 Qd7+ 52. Kh2 Qd2+ 53. Kh3 Qd7+ 54. Kh2 Qg4 55. Rf4 Qe2+ 56. Kh3 g5 57. hxg5+ Kxg5 58. Rh4 Qf1+ 59. Kh2 Qf2+ 60. Kh3 Qg1 61.
Rg4+ Kf5 62. Rf4+ Ke5 63. Kh4 Qh2+ 64. Kg4 Qh1 65. Rb4 Qd1+ 66. Kh4 Qd8+ 67. Kh3 Qd7+ 68. g4 Qh7+ 69. Kg3 Qd3+ 70. Kh4 Qd8+ 71. Kh3 Qd7 72. Rb3 Qh7+ 73. Kg3 Qh1 74. Rf3 Qg1+ 75. Kh4 Qh2+ 76. Kg5 Qg2 77. Rf5+ Ke6 78. Kh5 Qh3+ 79. Kg5 Qg3 80. Kh5 Qg2 81. Kh4 Qh2+ 82. Kg5 Qd2+ 83.
Kh4 Qe3 84. Kh5 Ke7 85. Kh4 Qh6+ 86. Kg3 Ke6 87. Kf3 Qh3+ 88. Kf4 Qh4 89. Kf3 Qe1 90. Kf4 Qd2+ 91. Kg3 Qe3+ 92. Kh4 Ke7 93. Kh5 Ke6 94.
Kh4 Qh6+ 95. Kg3 Ke7 96. Kf3 Qh4 97. Kf4 Ke6 98. Kf3 Qh6 99. Kg3 Qd2 100. Kh3 Qe2 101. Kg3 Qe4 102. Kh3 Qh1+ 103. Kg3 Qg1+ 104. Kh3 Qe3+ 105. Kh4 Qh6+ 106. Kg3 Qg6 107. Kh4 Qxf5 108. gxf5+ Kxf5 1/2-1/2

[Event "*** Titled Tuesday 3|2 Blitz"]
[Site "Chess.com"]
[Date "2015.12.01"]
[Round "9"]
[White "ruifeng"]
[Black "MITerryble"]
[Result "1-0"]
[WhiteElo "2239"]
[BlackElo "2584"]
[TimeControl "180+2"]
[EndTime "13:08:21 PST"]
[Termination "ruifeng won by resignation"]

1. e4 e6 2. d3 d5 3. Nd2 Nf6 4. e5 Nfd7 5. f4 g5 6. Ndf3 g4 7. Nd2 h5 8. g3 c5 9. Bg2 Nc6 10. h4 Nb6 11. Ne2 d4 12. Ne4 Nd5 13. O-O Be7 14. c4 Ne3 15. Bxe3 dxe3 16. Re1 Nd4 17. N2c3 Nf5 18. Qe2 Rb8 19. Nd1 Nd4 20. Qf1 e2 21.
Rxe2 Nxe2+ 22. Qxe2 b6 23. Ne3 Bb7 24. Rf1 Qd4 25. Nf2 Bxg2 26. Kxg2 Rd8 27. b3 Kd7 28. Nc2 Qb2 29. Rd1 Kc7 30. Rd2 Qc3 31. Ne4 Qa5 32. a3 Rd7 33. Qe3 Rhd8 34. Rd1 Qa6 35. Kh2 Qb7 36. b4 Qc6 37. b5 Qa8 38. a4 a6 39. a5 axb5 40. axb6+ Kxb6 41. cxb5 Qa2 42. Qe2 Qb3 43. Ne1 Rd4 44. Rd2 c4 45. Rb2 cxd3 46. Qd2 Qc4 47. Nd6 Bxd6 48. exd6 R8xd6 49. Ra2 Qxa2 50. Qxa2 d2 51. Qa6+ Kc5 52. Qc8+ Kxb5 53. Qb8+ Kc6 54.
Qc8+ Kd5 55. Qb7+ Rc6 56. Qb5+ Kd6 57. Qe5+ Kd7 58. Qxd4+ Rd6 59. Qa7+ Kc8 60. Qc5+ Kd7 61. Qa7+ Kc8 62. Qa8+ Kc7 63. Qa5+ Kc8 64. Qa8+ Kc7 65. Qa5+ Kb7 66. Qb4+ Kc7 67. Qc5+ Kd7 68. Qb5+ Ke7 69.
Qb7+ Rd7 70. Qb4+ Ke8 71. Qb8+ Rd8 72. Qb5+ Kf8 73. Qc5+ Ke8 74. Qb5+ Rd7 75. Qb8+ Ke7 76. Qb4+ Kf6 77. Qb2+ Ke7 78. Qa3+ Rd6 79. Qa7+ Kf6 80.
Qa1+ Ke7 81. Qd1 dxe1=Q 82. Qxe1 Rd5 83. Qb4+ Kf6 84. Kg2 Kg6 85. Kf2 Kf5 86. Ke3 Kg6 87. Qe4+ Kf6 88. Qh7 Rf5 89. Qh6+ Ke7 90. Ke4 Rd5 91.
Qg7 Rf5 92. Qc3 Rd5 93. Qc7+ Kf6 94. Qc3+ Kg6 95. Qc4 Rf5 96. Qb3 Kg7 97. Kd4 Kg6 98.
Qe3 Kf6 99. Kc4 Kg6 100. Qe4 Kf6 101. Qd4+ Kg6 102. Qh8 Rd5 103. Qg8+ Kf6 104. Qh7 Ke7 105. Qh6 Ke8 106. Qg7 Ke7 107. Qh6 Ke8 108. Qf6 Kf8 109. Qb2 Ke7 110. Qb7+ Rd7 111. Qb4+ Kf6 112. Kc5 Rd5+ 113. Kc6 Kg7 114. Qe4 Kf6 115. Qh7 Ke7 116. Qh6 Rd6+ 117. Kc5 Rd5+ 118. Kc4 Ke8 119. Qf6 Kf8 120. Qb2 Ke7 121. Qb7+ Rd7 122. Qb4+ Kf6 123. Kc5 Rd5+ 124. Kc6 Kg6 125. Qf8 Kf6 126. Kc7 Kg6 127. Qh8 Rd3 128. Qg8+ Kf5 129. Qg5+ Ke4 130. Qxh5 Rxg3 131. Qxf7 Rh3 132. h5 Kf3 133. Qxe6 Rxh5 134. f5 g3 135. f6 g2 136. Qc6+ Kg3 137. Qc3+ Kh2 138. Qc2 Kh3 139. Qd3+ Kh2 140. Qc2 Kh3 141. Qb1 Re5 142. Kd6 Re3 143. f7 Rf3 144. Qh7+ Kg3 145. Qg7+ Kh2 146. Qh6+ Kg3 147. Qg5+ Kf2 148. Qd2+ Kg3 149. Qe1+ Kh3 150. Ke7 Rf1 151. Qe3+ Kh2 152. Qh6+ Kg3 153. Qg5+ Kh3 154. f8=Q Rxf8 155. Kxf8 Kh2 156. Qh4+ Kg1 157. Kf7 Kf1 158. Qf4+ Ke2 159. Qg3 Kf1 160. Qf3+ Kg1 161. Kg6 Kh2 162. Qh5+ Kg3 163. Qg5+ Kh3 164. Kf5 Kh2 165. Qh4+ Kg1 166. Kf4 Kf1 167. Qh3 1-0